Map: Multitask trainer by Mave (terran)

Players

ЛУКРЕПЧАТЫЙ - Winner!

  • Race: Terran Terran
  • Spawn Location: 11:00

VOD

Have the link to the VOD?

Description

Multitask trainer by Mave (terran) how to complete this custom game

Time

  • Played on: March 5, 2023, 3:33 a.m.
  • Length: 10:08
Show
View Real Time Build Order
Export as new Build Order

ЛУКРЕПЧАТЫЙ Terran - Winner!

Build Orders: Gas First Reaper Expand, Liberator Opening, Mech 

Get SALT Encoding   

  12  0:00  SCV  
  13  0:12  SCV  
  14  0:19  Supply Depot  
  14  0:25  SCV  
  15  0:30  Refinery  
  15  0:41  SCV  
  16  0:47  Barracks  
  16  0:53  SCV  
  17  1:05  SCV  
  18  1:17  SCV  
  19  1:33  Orbital Command  
  19  1:34  Reaper  
  20  1:47  Command Center  
  20  1:59  Factory  
  20  2:01  SCV  
  20  2:07  Barracks Reactor  
  21  2:15  SCV, Refinery  
  22  2:24  Supply Depot  
  22  2:27  SCV  
  23  2:44  Starport  
  23  2:45  SCV  
  24  2:53  Hellion x2  
  24  2:57  SCV  
  29  3:01  Orbital Command  
  29  3:10  SCV  
  30  3:14  Hellion  
  30  3:15  Hellion  
  34  3:25  Liberator  
  37  3:27  Barracks Tech Lab  
  37  3:29  SCV  
  37  3:30  SCV  
  39  3:38  Supply Depot  
  39  3:42  SCV  
  39  3:45  Hellion  
  39  3:46  Hellion  
  39  3:47  SCV  
  45  3:54  SCV  
  46  4:00  SCV  
  46  4:02  Supply Depot  
  47  4:06  SCV  
  48  4:11  Hellion x2  
  48  4:12  SCV  
  53  4:19  SCV  
  53  4:23  Supply Depot  
  54  4:24  SCV  
  54  4:31  SCV  
  56  4:35  Barracks Reactor  
  56  4:39  SCV  
  56  4:41  Factory  
  56  4:42  Siege Tank  
  60  4:48  Viking x2  
  60  4:50  SCV  
  60  4:52  Refinery  
  65  4:54  Refinery  
  65  4:59  Supply Depot, SCV  
  66  5:02  SCV  
  67  5:09  Supply Depot  
  67  5:11  SCV  
  68  5:17  Viking  
  68  5:21  Siege Tank, Viking  
  75  5:29  SCV x2  
  75  5:33  Armory  
  75  5:34  Supply Depot  
  77  5:39  Supply Depot  
  77  5:41  SCV x2  
  79  5:53  SCV x2, Siege Tank  
  88  5:57  Hellion x2  
  88  5:59  Liberator  
  91  6:05  SCV x2  
  91  6:08  Liberator  
  96  6:14  Supply Depot  
  96  6:17  Supply Depot, SCV x2  
  98  6:22  Supply Depot  
  102  6:25  Hellion  
  102  6:26  Hellion  
  102  6:35  Siege Tank  
  105  6:43  Command Center  
  105  6:44  Supply Depot  
  105  6:47  Viking  
  107  6:48  Hellion  
  107  6:49  Supply Depot, SCV  
  107  6:53  SCV  
  111  7:01  SCV  
  111  7:06  SCV  
  111  7:07  Siege Tank  
  116  7:11  Hellion x2  
  116  7:12  Viking  
  116  7:13  SCV  
  116  7:14  Barracks Tech Lab  
  123  7:17  Viking  
  125  7:23  Supply Depot  
  125  7:25  Supply Depot  
  125  7:26  Terran Vehicle Weapons Level 1  
  125  7:27  SCV x2  
  127  7:39  Supply Depot, SCV x2, Siege Tank  
  127  7:40  Hellion x2  
  127  7:42  Viking  
  138  7:51  SCV  
  139  7:53  Factory  
  139  7:55  Supply Depot  
  139  7:57  Supply Depot  
  139  8:00  SCV  
  139  8:01  Orbital Command  
  139  8:04  Refinery x2  
  140  8:06  Armory  
  140  8:07  SCV  
  140  8:12  SCV  
  142  8:13  Liberator x2  
  142  8:19  SCV  
  149  8:24  SCV, Hellion  
  149  8:25  Hellion, Siege Tank  
  157  8:40  Factory Tech Lab  
  157  8:43  SCV  
  157  8:47  Supply Depot  
  158  8:52  Supply Depot  
  158  8:55  Supply Depot, Hellion, Command Center  
  160  8:56  Supply Depot, Hellion  
  160  8:57  Viking x2  
  160  8:58  SCV x2  
  168  9:04  Supply Depot  
  168  9:08  Supply Depot  
  168  9:12  Thor  
  168  9:15  Thor  
  180  9:24  Supply Depot  
  180  9:26  Supply Depot, Hellion x2  
  184  9:39  Command Center  
Tags
 
Add a new tag
Caveats
  • Supply blocks, unpowered buildings, or Contaminate may cause inaccurate times.
  • Supply counts are checked every 10 seconds.